Workbook
Name RUBROS: '[1]Agrupación de Rubros'!$A$7:$A$12
Name RUBROS: #REF!

Sheet 0. Guía
B6: FORMATO DE FORMULACIÓN DE PROYECTOS PROGRAMA INNOVACIÓN COLABORATIVA COL-INNOVA
B9: El presente documento corresponde al formato a utilizar en la formulación para desarrollar su proyecto de innovación colaborativa en el marco de la estrategia Pactos por la Innovación, el cual podrá obtener financiación de hasta $140.000.000. A continuación, se presentan unas recomendaciones que se deben tener en cuenta al momento del diligenciamiento:
B10: •La alianza debe consultar los rubros financiables y no financiables de los Términos de Referencia de la invitación.
B11: •La alianza debe revisar las definiciones de cada campo de este formato en los Términos de Referencia de la invitación.
B12: • La alianza debe incluir dentro del presupuesto todas las actividades a desarrollar, aún cuando no tengan recursos económicos asociados. (Incluirlas con valor cero).
B13: • La alianza deberá aportar al desarrollo del proyecto un valor de contrapartida de mínimo el 5% en efectivo sobre el valor total de cofinanciación y 15% en especie sobre el valor total de cofinanciación
B14: • No se financian actividades ejecutadas fuera del plazo establecido para la ejecución del proyecto (máximo 7 meses contados desde la fecha de incio del contrato con la Cámara de Comercio).
B15: • La alianza debe describir los detalles de cada rubro según sus características técnicas, incluyendo unidades, cantidades y las demás especificaciones que se consideren necesarias.
B16: • Los valores establecidos en los rubros deben incluir IVA y todos los impuestos y contribuciones a que hubiera lugar. De igual forma, deben corresponder a valores de mercado para lo cual requieren realizar internamente las cotizaciones que correspondan.
B17: • Para el adecuado uso y diligenciamiento del formato, se permiten agregar filas para las actividades y rubros. Con respecto al espacio dispuesto para las etapas podrá usar las etapas que considere necesarias, las que no vaya a usar, no las elimine sólo debe dejarlas en blanco, tal y como se presenta inicialmente este formato.
B18: • En la pestaña 4. plan de trabajo y presupuesto, en la parte inferior se deben indicar los resultados y productos esperados al final del proyecto.

Sheet 1. Información general proyecto
A6: 1. INFORMACIÓN GENERAL DEL PROYECTO
A7: Nombres de los integrantes de la alianza
A8: Nombre del proyecto
A9: Definición del tipo de innovación
A10: Nivel de madurez tecnológica | B10: TRL 6: Demostración/validación de sistema, subsistema, modelo o prototipo en un ambiente con condiciones relevantes cercanas a las condiciones reales/operativas
A11: Cadena estratégica de valor | B11: Cadenas Globales de valor: XXXXX
A12: Resumen Ejecutivo (máximo 300 palabras)
A13: Monto solicitado
A14: Valor de contrapartida (en efectivo y especie)
A15: Duración del proyecto (meses)
A16: Lugar de ejecución del proyecto

Sheet 2. Contenido técnico
A7: Planteamiento del problema, necesidad u oportunidad
A8: Descripción de la solución innovadora
A9: Orientación al mercado
A10: Objetivo General del Proyecto
A11: Objetivos Específicos del Proyecto
A12: Impactos esperados (incluya posibles impactos en generación de empleo y otros aspectos económicos, ambientales y sociales) | B12: • Impacto del proyecto en la cadena de valor:
B13: • Aporte del proyecto a los miembros de la alianza:
B14: • Indicadores y metas del impacto esperado:

Sheet 3. Colaboración
A6: 3. ESTRUCTURA DE COLABORACIÓN DEL PROYECTO
A7: Justificación de la colaboración
A8: Distribución de responsabilidades y equipo de trabajo
A9: 1. Nombre de la empresa líder de la alianza: Rol: | B9: Responsabilidades y compromisos: - - - (…) Equipo de trabajo: Nombre de la persona 1: - Resumen de su formación y experiencia Nombre de la persona 2: - Resumen de su formación y experiencia (…)
A10: 2. Nombre de la mipyme de la alianza: Rol: | B10: Responsabilidades y compromisos: - - - (…) Equipo de trabajo: Nombre de la persona 1: - Resumen de su formación y experiencia Nombre de la persona 2: - Resumen de su formación y experiencia (…)
A11: 3. Nombre de la mipyme de la alianza: Rol: | B11: Responsabilidades y compromisos: - - - (…) Equipo de trabajo: Nombre de la persona 1: - Resumen de su formación y experiencia Nombre de la persona 2: - Resumen de su formación y experiencia (…)
A12: 4. Nombre del aliado técnico de la alianza: Rol: | B12: Responsabilidades y compromisos: - - - (…) Equipo de trabajo: Nombre de la persona 1: - Resumen de su formación y experiencia Nombre de la persona 2: - Resumen de su formación y experiencia (…)
A13: Aspectos de propiedad intelectual | B13: las empresas deberán dejar claro los aspectos de propiedad intelectual en caso de que aplique

Sheet 4. Plan trabajo y presupuesto
A7: 4. ESTRUCTURA DE PLAN DE TRABAJO Y PRESUPUESTO
A8: ACTIVIDADES Y RUBROS | B8: ACTIVIDADES, RESULTADOS Y RUBROS | G8: PRECIOS UNITARIOS | H8: PRECIOS UNITARIOS | L8: FINANCIACIÓN PROYECTO | M8: FINANCIACIÓN PROYECTO | P8: CRONOGRAMA | Q8: CRONOGRAMA
B9: N° ACTIVIDAD- RESULTADO | C9: NOMBRE DE LA ACTIVIDAD | D9: DESCRIPCIÓN DE ACTIVIDAD (Describa la actividad que va a desarrollar y cómo su ejecución es indispensable para el desarrollo del proyecto. Se debe justificar técnicamente cada una de las actividades) | E9: TIPO DE RUBRO (Seleccione el rubro en el cual debe hacer la inversión económica para lograr la ejecución de la actividad) | F9: DESCRIPCIÓN DE RUBRO (Desglose el detalle del rubro seleccionado y realice una descripción del mismo) | H9: UNIDAD | I9: VALOR UNITARIO DEL RUBRO | J9: CANTIDAD REQUERIDA | K9: TOTAL (CANTIDAD POR VALOR UNITARIO) | M9: RECURSOS DE CO-FINANCIACIÓN | N9: CONTRAPARTIDA EN EFECTIVO DE LA ALIANZA | O9: CONTRAPARTIDA EN ESPECIE DE LA ALIANZA | Q9: INICIA (# Semana) | R9: TERMINA (# Semana) | S9: Total Duración (semanas) | T9: Mes 1 | X9: Mes 2 | AB9: Mes 3 | AF9: Mes 4 | AJ9: Mes 5 | AN9: Mes 6 | AR9: Mes 7
T10: 1 | U10: 2 | V10: 3 | W10: 4 | X10: 5 | Y10: 6 | Z10: 7 | AA10: 8 | AB10: 9 | AC10: 10 | AD10: 11 | AE10: 12 | AF10: 13 | AG10: 14 | AH10: 15 | AI10: 16 | AJ10: 17 | AK10: 18 | AL10: 19 | AM10: 20 | AN10: 21 | AO10: 22 | AP10: 23 | AQ10: 24 | AR10: 25 | AS10: 26 | AT10: 27 | AU10: 28
B11: ETAPA 1 | C11: ESCRIBIR NOMBRE DE LA ETAPA | K11: =+SUM(K12:K16) -> 28000000 | M11: =SUM(M12:M16) -> 17000000 | N11: =SUM(N12:N19) -> 8000000 | O11: =SUM(O12:O19) -> 3000000 | Q11: 1 | R11: 8 | S11: 8
B12: 1.1 | C12: Ejemplo: Diseño de la red, documentación y elaboración de diagramas. | D12: Se realizará un diseño a detalle de la red utilizando un software del proveedor, elaboración de diagramas así mismo se instalarán terminales de características XXX, por que es necesario para XX, finalmente se realizará la documentación. | E12: Personal | F12: Ejemplo: Ingeniero electrónico con Especialización en Instrumentación Electrónica para el análisis, diseño e implementación de sistemas de telecomunicaciones, con tres años de experiencia. | H12: Ejemplo: Mes / persona | I12: 5000000 | J12: 1 | K12: =+I12*J12 -> 5000000 | M12: 5000000 | N12: 0 | Q12: 1 | R12: 1 | S12: =+R12-Q12+1 -> 1
E13: Maquinaria y equipo* | F13: Ejemplo: Terminal para puerto serial Siemens modelo AB3245 | H13: Ejemplo: Unidad | I13: 800000 | J13: 10 | K13: =+I13*J13 -> 8000000 | M13: 6000000 | N13: 2000000 | Q13: 1 | R13: 1 | S13: =+R13-Q13+1 -> 1
E14: Tecnologías de información y telecomunicaciones | F14: Ejemplo: Empresa externa con experiencia en automatización para realizar pruebas de interconectividad Beta | H14: Ejemplo: Global | I14: 12000000 | J14: 1 | K14: =+I14*J14 -> 12000000 | M14: 6000000 | N14: 6000000 | Q14: 2 | R14: 2 | S14: =+R14-Q14+1 -> 1
B15: 1.2 | C15: Ejemplo: Pruebas en la planta de producción | D15: Ejemplo: Realizar pruebas de automatizado que permitan medir los nuevos procesos implementados | E15: Servicios tecnológicos | F15: Ejemplo: uso de la maquinarias X y T de la empresa para proceso de prueba de XX | H15: N/A | I15: 3000000 | J15: 1 | K15: =+I15*J15 -> 3000000 | O15: 3000000 | Q15: 1 | R15: 8 | S15: 8
Q16: 3 | R16: 4 | S16: 2
B17: Resultados, productos esperados o entregables de la etapa 1: Escribir aquí
B18: ETAPA 2 | C18: ESCRIBIR NOMBRE DE LA ETAPA | K18: =+SUM(K19:K20) -> 0 | M18: =SUM(M19:M20) -> 0 | N18: =SUM(N20:N20) -> 0 | O18: =SUM(O20:O20) -> 0
M19: =K19 -> 0 | Q19: 5 | R19: 24 | S19: 20
M20: =K20 -> 0 | Q20: 3 | R20: 3 | S20: 1
B21: Resultados, productos esperados o entregables de la etapa 1: Escribir aquí
B22: ETAPA 3 | C22: ESCRIBIR NOMBRE DE LA ETAPA | K22: =+SUM(K23:K24) -> 0 | M22: =SUM(M23:M24) -> 0 | N22: =SUM(N23:N24) -> 0 | O22: =SUM(O23:O24) -> 0
M23: =K23 -> 0 | Q23: 9 | R23: 16 | S23: 4
N24: 0 | O24: 0 | Q24: 9 | R24: 9 | S24: =+R24-Q24+1 -> 1
B25: Resultados, productos esperados o entregables de la etapa 1: Escribir aquí
B26: ETAPA 4 | C26: ESCRIBIR NOMBRE DE LA ETAPA | K26: =+SUM(K27:K28) -> 0 | M26: =SUM(M27:M28) -> 0 | N26: =SUM(N27:N28) -> 0 | O26: =SUM(O27:O28) -> 0
M27: =K27 -> 0 | N27: 0 | Q27: 22 | R27: 22 | S27: =+R27-Q27+1 -> 1
Q28: 1 | R28: 24 | S28: 24
B29: Resultados, productos esperados o entregables de la etapa 1: Escribir aquí
J30: TOTAL PROYECTO | K30: =K11+K18+K22+K26 -> 28000000 | M30: =M11+M18+M22+M26 -> 17000000 | N30: =N11+N18+N22+N26 -> 8000000 | O30: =O11+O18+O22+O26 -> 3000000
B31: Resultados, productos esperados o entregables finales: Prototipo de Módulo de entrenamiento de personal, servicio en tierra y rampa.
N34: DISTRIBUCIÓN DE CONTRAPARTIDA EN LA ALIANZA | Q34: ADVERTENCIA
M35: Nombre integrante | N35: Efectivo | O35: Especie | Q35: =IF(SUM(N30+O30)<(M30*20%),"La contrapartida es menor al 20% esperado, se debe corregir",IF(N30<(M30*5%),"La contrapartida en efectivo es menor al 5%, se debe corregir","---")) -> ---
M36: Nediar sas | N36: 2790000 | O36: 12700000
M37: MapGeo sas | N37: 2846708 | O37: 20000000
M38: Okicam sas | N38: 2790000 | O38: 10000000
M39: Escriba aquí nombre del aliado técnico
M40: Valor total | N40: =+IFERROR(SUM(N36:N39),"---") -> 8426708 | O40: =+IFERROR(SUM(O36:O39),"---") -> 42700000
M42: % DEL VALOR TOTAL DEL PROYECTO
M43: COFINANCIACIÓN | N43: CONTRAPARTIDA EFECTIVO | O43: CONTRAPARTIDA ESPECIE
M44: =IFERROR(M30/K30,"---") -> 0.60714286 | N44: =IFERROR(N30/K30,"---") -> 0.28571429 | O44: =IFERROR(O30/K30,"---") -> 0.10714286

Sheet 4.1. Maquinaria y Equipo
A6: 4.1Maquinaria y Equipo (Este formato deberá diligenciarse si la propuesta incluye en sus actividades compra de maquinaria y equipo necesarios e indispensables para el desarrollo del proyecto
A8: Descripción de la maquinaria y equipos a adquirir en el marco del proyecto, necesarios para el desarrollo del proyecto | C8: Actividades Asociadas | D8: Listar la usuaria final y/o entidad a nombre de quien quedará la maquinaria y equipos a adquirir | E8: Indicar como y cuando espera se hará el proceso de transferencia de propiedad de la maquinaria y equipos a adquirir.

Sheet Agrupación de Rubros,
A1: Esta tabla se diligencia automáticamente con la información de la pestaña 4. Plan de trabajo y presupuesto
A3: RESUMEN AGRUPACIÓN DE RUBROS | C3: DISTRIBUCIÓN
A4: RUBROS | B4: Valor total del proyecto | C4: CoFinanciación | D4: Contrapartida efectivo | E4: Contrapartida especie | F4: % Participación total proyecto | G4: % Participación financiacion
A5: Personal | B5: =SUMIF('4. Plan trabajo y presupuesto'!$E$12:$E$29,'Agrupación de Rubros,'!A5,'4. Plan trabajo y presupuesto'!$K$12:$K$29) -> 5000000 | C5: =SUMIF('4. Plan trabajo y presupuesto'!$E$12:$E$29,A5,'4. Plan trabajo y presupuesto'!$M$12:$M$29) -> 5000000 | D5: =SUMIF('4. Plan trabajo y presupuesto'!$E$12:$E$29,A5,'4. Plan trabajo y presupuesto'!$N$12:$N$29) -> 0 | E5: =SUMIF('4. Plan trabajo y presupuesto'!$E$12:$E$29,A5,'4. Plan trabajo y presupuesto'!$O$12:$O$29) -> 0 | F5: =B5/$B$19 -> 0.17857143 | G5: =+C5/$C$19 -> 0.29411765
A6: Servicios tecnológicos | B6: =SUMIF('4. Plan trabajo y presupuesto'!$E$12:$E$29,'Agrupación de Rubros,'!A6,'4. Plan trabajo y presupuesto'!$K$12:$K$29) -> 3000000 | C6: =SUMIF('4. Plan trabajo y presupuesto'!$E$12:$E$29,A6,'4. Plan trabajo y presupuesto'!$M$12:$M$29) -> 0 | D6: =SUMIF('4. Plan trabajo y presupuesto'!$E$12:$E$29,A6,'4. Plan trabajo y presupuesto'!$N$12:$N$29) -> 0 | E6: =SUMIF('4. Plan trabajo y presupuesto'!$E$12:$E$29,A6,'4. Plan trabajo y presupuesto'!$O$12:$O$29) -> 3000000 | F6: =+B6/$B$19 -> 0.10714286 | G6: =+C6/$C$19 -> 0
A7: Maquinaria y equipo* | B7: =SUMIF('4. Plan trabajo y presupuesto'!$E$12:$E$29,'Agrupación de Rubros,'!A7,'4. Plan trabajo y presupuesto'!$K$12:$K$29) -> 8000000 | C7: =SUMIF('4. Plan trabajo y presupuesto'!$E$12:$E$29,A7,'4. Plan trabajo y presupuesto'!$M$12:$M$29) -> 6000000 | D7: =SUMIF('4. Plan trabajo y presupuesto'!$E$12:$E$29,A7,'4. Plan trabajo y presupuesto'!$N$12:$N$29) -> 2000000 | E7: =SUMIF('4. Plan trabajo y presupuesto'!$E$12:$E$29,A7,'4. Plan trabajo y presupuesto'!$O$12:$O$29) -> 0 | F7: =+B7/$B$19 -> 0.28571429 | G7: =+C7/$C$19 -> 0.35294118
A8: Materiales e insumos | B8: =SUMIF('4. Plan trabajo y presupuesto'!$E$12:$E$29,'Agrupación de Rubros,'!A8,'4. Plan trabajo y presupuesto'!$K$12:$K$29) -> 0 | C8: =SUMIF('4. Plan trabajo y presupuesto'!$E$12:$E$29,A8,'4. Plan trabajo y presupuesto'!$M$12:$M$29) -> 0 | D8: =SUMIF('4. Plan trabajo y presupuesto'!$E$12:$E$29,A8,'4. Plan trabajo y presupuesto'!$N$12:$N$29) -> 0 | E8: =SUMIF('4. Plan trabajo y presupuesto'!$E$12:$E$29,A8,'4. Plan trabajo y presupuesto'!$O$12:$O$29) -> 0 | F8: =+B8/$B$19 -> 0 | G8: =+C8/$C$19 -> 0
A9: Tecnologías de información y telecomunicaciones | B9: =SUMIF('4. Plan trabajo y presupuesto'!$E$12:$E$29,'Agrupación de Rubros,'!A9,'4. Plan trabajo y presupuesto'!$K$12:$K$29) -> 12000000 | C9: =SUMIF('4. Plan trabajo y presupuesto'!$E$12:$E$29,A9,'4. Plan trabajo y presupuesto'!$M$12:$M$29) -> 6000000 | D9: =SUMIF('4. Plan trabajo y presupuesto'!$E$12:$E$29,A9,'4. Plan trabajo y presupuesto'!$N$12:$N$29) -> 6000000 | E9: =SUMIF('4. Plan trabajo y presupuesto'!$E$12:$E$29,A9,'4. Plan trabajo y presupuesto'!$O$12:$O$29) -> 0 | F9: =+B9/$B$19 -> 0.42857143 | G9: =+C9/$C$19 -> 0.35294118
A10: Asesorías especializadas | B10: =SUMIF('4. Plan trabajo y presupuesto'!$E$12:$E$29,'Agrupación de Rubros,'!A10,'4. Plan trabajo y presupuesto'!$K$12:$K$29) -> 0 | C10: =SUMIF('4. Plan trabajo y presupuesto'!$E$12:$E$29,A10,'4. Plan trabajo y presupuesto'!$M$12:$M$29) -> 0 | D10: =SUMIF('4. Plan trabajo y presupuesto'!$E$12:$E$29,A10,'4. Plan trabajo y presupuesto'!$N$12:$N$29) -> 0 | E10: =SUMIF('4. Plan trabajo y presupuesto'!$E$12:$E$29,A10,'4. Plan trabajo y presupuesto'!$O$12:$O$29) -> 0 | F10: =+B10/$B$19 -> 0 | G10: =+C10/$C$19 -> 0
A11: Registros, permisos y certificaciones | B11: =SUMIF('4. Plan trabajo y presupuesto'!$E$12:$E$29,'Agrupación de Rubros,'!A11,'4. Plan trabajo y presupuesto'!$K$12:$K$29) -> 0 | C11: =SUMIF('4. Plan trabajo y presupuesto'!$E$12:$E$29,A11,'4. Plan trabajo y presupuesto'!$M$12:$M$29) -> 0 | D11: =SUMIF('4. Plan trabajo y presupuesto'!$E$12:$E$29,A11,'4. Plan trabajo y presupuesto'!$N$12:$N$29) -> 0 | E11: =SUMIF('4. Plan trabajo y presupuesto'!$E$12:$E$29,A11,'4. Plan trabajo y presupuesto'!$O$12:$O$29) -> 0 | F11: =+B11/$B$19 -> 0 | G11: =+C11/$C$19 -> 0
A12: Gastos de propiedad intelectual | B12: =SUMIF('4. Plan trabajo y presupuesto'!$E$12:$E$29,'Agrupación de Rubros,'!A12,'4. Plan trabajo y presupuesto'!$K$12:$K$29) -> 0 | C12: =SUMIF('4. Plan trabajo y presupuesto'!$E$12:$E$29,A12,'4. Plan trabajo y presupuesto'!$M$12:$M$29) -> 0 | D12: =SUMIF('4. Plan trabajo y presupuesto'!$E$12:$E$29,A12,'4. Plan trabajo y presupuesto'!$N$12:$N$29) -> 0 | E12: =SUMIF('4. Plan trabajo y presupuesto'!$E$12:$E$29,A12,'4. Plan trabajo y presupuesto'!$O$12:$O$29) -> 0 | F12: =+B12/$B$19 -> 0 | G12: =+C12/$C$19 -> 0
A13: Transferencia de tecnología | B13: =SUMIF('4. Plan trabajo y presupuesto'!$E$12:$E$29,'Agrupación de Rubros,'!A13,'4. Plan trabajo y presupuesto'!$K$12:$K$29) -> 0 | C13: =SUMIF('4. Plan trabajo y presupuesto'!$E$12:$E$29,A13,'4. Plan trabajo y presupuesto'!$M$12:$M$29) -> 0 | D13: =SUMIF('4. Plan trabajo y presupuesto'!$E$12:$E$29,A13,'4. Plan trabajo y presupuesto'!$N$12:$N$29) -> 0 | E13: =SUMIF('4. Plan trabajo y presupuesto'!$E$12:$E$29,A13,'4. Plan trabajo y presupuesto'!$O$12:$O$29) -> 0 | F13: =+B13/$B$19 -> 0 | G13: =+C13/$C$19 -> 0
A14: Personal de apoyo | B14: =SUMIF('4. Plan trabajo y presupuesto'!$E$12:$E$29,'Agrupación de Rubros,'!A14,'4. Plan trabajo y presupuesto'!$K$12:$K$29) -> 0 | C14: =SUMIF('4. Plan trabajo y presupuesto'!$E$12:$E$29,A14,'4. Plan trabajo y presupuesto'!$M$12:$M$29) -> 0 | D14: =SUMIF('4. Plan trabajo y presupuesto'!$E$12:$E$29,A14,'4. Plan trabajo y presupuesto'!$N$12:$N$29) -> 0 | E14: =SUMIF('4. Plan trabajo y presupuesto'!$E$12:$E$29,A14,'4. Plan trabajo y presupuesto'!$O$12:$O$29) -> 0 | F14: =+B14/$B$19 -> 0 | G14: =+C14/$C$19 -> 0
A15: Gastos Logísticos | B15: =SUMIF('4. Plan trabajo y presupuesto'!$E$12:$E$29,'Agrupación de Rubros,'!A15,'4. Plan trabajo y presupuesto'!$K$12:$K$29) -> 0 | C15: =SUMIF('4. Plan trabajo y presupuesto'!$E$12:$E$29,A15,'4. Plan trabajo y presupuesto'!$M$12:$M$29) -> 0 | D15: =SUMIF('4. Plan trabajo y presupuesto'!$E$12:$E$29,A15,'4. Plan trabajo y presupuesto'!$N$12:$N$29) -> 0 | E15: =SUMIF('4. Plan trabajo y presupuesto'!$E$12:$E$29,A15,'4. Plan trabajo y presupuesto'!$O$12:$O$29) -> 0 | F15: =+B15/$B$19 -> 0 | G15: =+C15/$C$19 -> 0
A16: Gastos de Viaje | B16: =SUMIF('4. Plan trabajo y presupuesto'!$E$12:$E$29,'Agrupación de Rubros,'!A16,'4. Plan trabajo y presupuesto'!$K$12:$K$29) -> 0 | C16: =SUMIF('4. Plan trabajo y presupuesto'!$E$12:$E$29,A16,'4. Plan trabajo y presupuesto'!$M$12:$M$29) -> 0 | D16: =SUMIF('4. Plan trabajo y presupuesto'!$E$12:$E$29,A16,'4. Plan trabajo y presupuesto'!$N$12:$N$29) -> 0 | E16: =SUMIF('4. Plan trabajo y presupuesto'!$E$12:$E$29,A16,'4. Plan trabajo y presupuesto'!$O$12:$O$29) -> 0 | F16: =+B16/$B$19 -> 0 | G16: =+C16/$C$19 -> 0
A17: Gastos Administrativos | B17: =SUMIF('4. Plan trabajo y presupuesto'!$E$12:$E$29,'Agrupación de Rubros,'!A17,'4. Plan trabajo y presupuesto'!$K$12:$K$29) -> 0 | C17: =SUMIF('4. Plan trabajo y presupuesto'!$E$12:$E$29,A17,'4. Plan trabajo y presupuesto'!$M$12:$M$29) -> 0 | D17: =SUMIF('4. Plan trabajo y presupuesto'!$E$12:$E$29,A17,'4. Plan trabajo y presupuesto'!$N$12:$N$29) -> 0 | E17: =SUMIF('4. Plan trabajo y presupuesto'!$E$12:$E$29,A17,'4. Plan trabajo y presupuesto'!$O$12:$O$29) -> 0 | F17: =+B17/$B$19 -> 0 | G17: =+C17/$C$19 -> 0
A18: No clasificado | B18: =SUMIF('4. Plan trabajo y presupuesto'!$E$12:$E$29,'Agrupación de Rubros,'!A18,'4. Plan trabajo y presupuesto'!$K$12:$K$29) -> 0 | C18: =SUMIF('4. Plan trabajo y presupuesto'!$E$12:$E$29,A18,'4. Plan trabajo y presupuesto'!$M$12:$M$29) -> 0 | D18: =SUMIF('4. Plan trabajo y presupuesto'!$E$12:$E$29,A18,'4. Plan trabajo y presupuesto'!$N$12:$N$29) -> 0 | E18: =SUMIF('4. Plan trabajo y presupuesto'!$E$12:$E$29,A18,'4. Plan trabajo y presupuesto'!$O$12:$O$29) -> 0 | F18: =+B18/$B$19 -> 0 | G18: =+C18/$C$19 -> 0
A19: TOTAL | B19: =SUM(B5:B18) -> 28000000 | C19: =SUM(C5:C18) -> 17000000 | D19: =SUM(D5:D18) -> 8000000 | E19: =SUM(E5:E18) -> 3000000 | F19: =+SUM(F5:F18) -> 1 | G19: =+SUM(G5:G18) -> 1
A21: Nota: No necesariamente las alianzas deberán incluir la totalidad de los rubros listados previamente, dentro del presupuesto del proyecto.
A22: * Se debe diligenciar la pestaña 4.1

Sheet Control Cambios
A1: Gestión de cambios
A2: Relacionar los cambios sugeridos en el formato
A3: Fecha | B3: Cámara | C3: Nombre | D3: Cambio a realizar | E3: Hoja | F3: Celda

Sheet Listas desplegables
A1: Listas Desplegables
A2: TRL | B2: TRL 5: Validación de sistema/subsistema/o componente en un ambiente relevante (o industrialmente relevante en caso de tecnologías habilitadoras clave)
B3: TRL 6: Demostración/validación de sistema, subsistema, modelo o prototipo en un ambiente con condiciones relevantes cercanas a las condiciones reales/operativas
B4: TRL 7: Demostración de Sistema o prototipo completo demostrado en ambiente operacional
B5: TRL 8: Sistema completo y certificado a través de pruebas y demostraciones en ambientes operacionales
A6: Cadenas de valor | B6: Ciencias de la Vida: Comprende la prestación de servicios de alta complejidad, con calidad y eficiencia médica, los subsectores incluyen farmaceúticos, cosméticos y aseo, dispositivos médicos, servicios de salud.
B7: Cadenas Globales de valor: XXXXX
B8: Agroalimentos: XXXXX
A10: % financiación mínima | B10: Efectivo | C10: 0.05 | D10: =+B13*C10 -> 7000000
B11: Especie | C11: 0.15 | D11: =+C11*B13 -> 21000000
A13: Maxima Financiación del proyecto | B13: 140000000
